 Dungeon Crawl Stone Soup version 0.31-a0-940-gdaa99269f9 (webtiles) character file.

Game seed: 12975968619030590980

9834 Azuregosa the Spear-Bearer (level 11, -2/76 (77) HPs)
             Began as an Octopode Delver on Oct 20, 2023.
             Was a High Priest of Cheibriados.
             Slain by a +2 broad axe of chaos (21 damage)
             ... on level 9 of the Dungeon.
             The game lasted 00:38:38 (8245 turns).

Azuregosa the Spear-Bearer (Octopode Delver)        Turns: 8245, Time: 00:38:38

HP:   -2/76 (77)    AC:  5    Str: 25    XL:     11   Next: 52%
MP:   0/16          EV: 22    Int: 26    God:    Cheibriados [*****.]
Gold: 49            SH: 10    Dex: 30    Spells: 10/10 levels left

rFire   + + .        C - +11 spear "Gram" {heavy, rCorr Stlth+}
rCold   + . .        J - +2 buckler {rPois}
rNeg    . . .        (helmet restricted)
rPois   +            j - amulet of guardian spirit
rElec   +            c - +4 ring of protection
rCorr   +            p - ring of protection from fire
SInv    .            E - ring of willpower
Will    +....        a - ring of resist corrosion
Stlth   +++++++      (no ring)
HPRegen 0.32/turn    (no ring)
MPRegen 0.15/turn    (no ring)
                     (no ring)

%: guardian spirit
@: resistant, studying Polearms, lightly drained, very slow
A: almost no armour, amphibious, 8 rings, camouflage 1, gelatinous body 1,
(nimble swimmer 1), tentacles
a: Renounce Religion, Bend Time, Temporal Distortion, Slouch, Step From Time


You were on level 9 of the Dungeon.
You worshipped Cheibriados.
Cheibriados was extremely pleased with you.
You visited 3 branches of the dungeon, and saw 11 of its levels.
You also visited: Bailey.

You collected 434 gold pieces.
You spent 385 gold pieces at shops.

Inventory:

Hand Weapons
 q - the +8 dagger "Death Rattle" {vamp, Int-2 Dex+6}
   (You found it on level 9 of the Dungeon)

   Int-2:     It affects your intelligence (-2).
   Dex+6:     It affects your dexterity (+6).
 z - a +1 halberd of protection
 C - the +11 spear "Gram" (weapon) {heavy, rCorr Stlth+}
   (You found it on level 5 of the Dungeon)

   rCorr:     It protects you from acid and corrosion.
   Stlth+:    It makes you more stealthy.
 K - a +0 dagger of protection
Missiles
 y - 64 stones
 F - 11 boomerangs
 G - 6 poisoned darts
Armour
 J - a +2 buckler of poison resistance (worn)
Jewellery
 a - a ring of resist corrosion (on tentacle)
 c - a +4 ring of protection (left tentacle)
 j - an amulet of guardian spirit (around mantle)
 p - a ring of protection from fire (right tentacle)
 E - a ring of willpower (on tentacle)
Talismans
 o - a beast talisman
Wands
 f - a wand of digging (11)
 i - a wand of iceblast (6)
 v - a wand of flame (43)
 A - a wand of polymorph (5)
 H - a wand of paralysis (9)
Scrolls
 b - 4 scrolls of fog
 d - 2 scrolls of revelation
 h - 6 scrolls of identify {unknown}
 m - 2 scrolls of noise {unknown}
 n - a scroll of blinking {unknown}
 s - 3 scrolls of teleportation {unknown}
 t - a scroll of immolation {unknown}
 u - 2 scrolls of brand weapon {unknown}
 x - 2 scrolls of enchant armour {unknown}
 B - 4 scrolls of poison {unknown}
 L - a scroll of acquirement {unknown}
 M - a scroll of torment {unknown}
 O - 2 scrolls of summoning {unknown}
 P - a scroll of fear
Potions
 e - 2 potions of haste
 g - a potion of resistance {unknown}
 k - 7 potions of curing
 l - 2 potions of heal wounds
 r - 3 potions of cancellation {unknown}
 w - 2 potions of berserk rage {unknown}
 D - a potion of attraction {unknown}
 I - a potion of enlightenment {unknown}
 N - a potion of magic {unknown}
 R - a potion of degeneration


   Skills:
 - Level 8.0 Fighting
 - Level 2.0 Short Blades
 - Level 12.5 Polearms
 - Level 8.2 Dodging
 - Level 8.0 Stealth
 + Level 8.1 Shields
 + Level 6.7 Invocations


You had 10 spell levels left.
You didn't know any spells.
Your spell library contained the following spells:

 Spells                   Type           Power      Damage    Failure   Level
 Kiss of Death            Conj/Necr      0%         2d5       14%         1
 Summon Small Mammal      Summ           0%         N/A       14%         1
 Call Canine Familiar     Summ           0%         N/A       41%         3
 Summon Guardian Golem    Hex/Summ       0%         N/A       41%         3
 Summon Lightning Spire   Summ/Air       0%         N/A       82%         4
 Fireball                 Conj/Fire      0%         3d3       99%         5
 Lee's Rapid Deconstruct  Erth           0%         3d4*      99%         5
 Death Channel            Necr           0%         N/A       100%        6
 Animate Armour           Summ/Erth      Unusable   N/A       N/A         4

Dungeon Overview and Level Annotations

Branches:
Dungeon (9/15)             Temple (1/1) D:4            Lair (1/5) D:9
 Bailey (visited)
    Orc: D:9-12

Altars:
Ashenzari
Cheibriados
Dithmenos
Elyvilon
Fedhas
Gozag
Hepliaklqana
Kikubaaqudgha
Makhleb
Nemelex Xobeh
Okawaru
Qazlal
Ru
Sif Muna
Trog
Uskayaw
Vehumet
Wu Jian
Xom
Yredelemnul
Zin

Shops:
D:4 !*??!   D:5 *(??   D:6 [

Annotations:
D:9 Ge0ff's ghost, novice OpBr


Innate Abilities, Weirdness & Mutations

You cannot wear most types of armour.
You are amphibious.
You can wear up to eight rings at the same time.
Your skin changes colour to match your surroundings (Stealth+).
Your rubbery body absorbs attacks. (AC +1, EV +1)
((You are camouflaged when in or above water. (Stealth+)))
You have tentacles for arms and can constrict up to eight enemies at once.


Message History

Magic restored.
You now have enough gold to buy a scroll of fear on D:5, buy a scroll of immolation on D:5, or buy a scroll of poison on D:5.
You can access your shopping list by pressing '$'.
You now have 49 gold pieces (gained 3).
You see here a +0 dagger.
Things that are here:
a +0 club; a +0 short sword
r - 3 lumpy sapphire potions (gained 1)
There is a stone staircase leading up here.
You see here a +0 robe.
Could not explore, unopened runed door.
Ge0ff's ghost turns its malevolent gaze towards you.
Press: ? - help, v - describe, . - travel, g - get item
Here: Ge0ff's ghost (fire blocked by a runed translucent door) Item here: a smoking orcbow.
A shimmering altar of Xom.
You open the door. The +2 broad axe of chaos hits you!
The +2 broad axe of chaos freezes you.
You hit the +2 broad axe of chaos.
Your grab misses the +2 broad axe of chaos.
The +2 broad axe of chaos is lightly damaged.
The +2 broad axe of chaos hits you!
You feel protected.
You hit the +2 broad axe of chaos but do no damage.
You grab the +2 broad axe of chaos.
The +2 broad axe of chaos is lightly damaged.
You constrict the +2 broad axe of chaos.
The +2 broad axe of chaos hits you!
You puncture the +2 broad axe of chaos!
You squeeze the +2 broad axe of chaos, but do no damage.
The +2 broad axe of chaos is moderately damaged.
You constrict the +2 broad axe of chaos, but do no damage.
The +2 broad axe of chaos hits you!!
* * * LOW HITPOINT WARNING * * *
The +2 broad axe of chaos freezes you.
You hit the +2 broad axe of chaos but do no damage.
The +2 broad axe of chaos is moderately damaged.
You constrict the +2 broad axe of chaos, but do no damage.
The +2 broad axe of chaos hits you!!
You die...

#..##...# #.##.....##.#
#.####.## #.##..#.###.#
#.###...######.##..#.###.#
##..#.###.#...............#
....##...##....######.#####
##.##.....#....### ##.####
##.##'#####......###.....#
##..#...#.#......#[##.##.#
###.#...'.##.#..@(W.#.##.#
###.########.##..#.##..#.#
......# #.##..#####.#.#
###.########.............#
#..........#####.###.###
#..#######.#####.###.#
#...................[#### ###
##.###........##.####...#####..
#[..###.##.##.##.####.......#.#


You could see a +2 broad axe of chaos and Ge0ff's ghost.

Vanquished Creatures
  A catoblepas (Lair:1)
  Nergalle (Lair:1)
  A deep elf zephyrmancer (Bailey)
  Pikel (D:9)
  An orc knight (Bailey)
  Joseph (D:7)
  An elephant (D:9)
  2 cane toads (Lair:1)
  An unseen horror (D:9)
  Maggie (D:8)
  A polar bear (Lair:1)
  A hornet (D:9)
  Grinder (D:5)
  3 wyverns
  A yak (D:5)
  Grum (Lair:1)
  2 steam dragons
  Edmund (D:4)
  4 water moccasins
  An acid dragon (D:9)
  5 orc warriors
  2 ogres
  A sky beast (D:7)
  2 black bears (D:9)
  3 ice beasts
  3 wolves (Lair:1)
  5 centaurs
  A phantom (D:7)
  2 lemures (D:9)
  A bullfrog (D:9)
  A kobold brigand (D:9)
  A scorpion (D:7)
  3 wights (D:9)
  A killer bee (D:5)
  A howler monkey (D:8)
  5 spriggan skeletons (D:9)
  A troll skeleton (D:9)
  5 hounds
  A jelly (D:5)
  4 orc priests
  A gnoll bouda (D:6)
  Jessica (D:3)
  3 iguanas
  5 orc wizards
  8 gnolls
  12 adders
  A white imp (D:5)
  A worm (D:4)
  3 dart slugs
  24 orcs
  A bat (D:2)
  5 endoplasms
  3 giant cockroaches
  10 goblins
  11 hobgoblins
  8 quokkas
  10 ball pythons
  3 frilled lizards
  10 kobolds
  A rat (D:1)
196 creatures vanquished.

Notes
Turn   | Place    | Note
-------+----------+-------------------------------------------
     0 | D:5      | Azuregosa the Octopode Delver began the quest for the Orb.
     0 | D:5      | Reached XP level 1. HP: 16/16 MP: 1/1
     0 | D:5      | Noticed a killer bee
     0 | D:5      | Noticed a centaur
     0 | D:5      | Noticed a jelly
    17 | D:5      | Found a broken altar of Ashenzari.
    45 | D:4      | Noticed Edmund
    55 | D:4      | Noticed a sleepcap
   101 | D:4      | Found an ornate altar of the Wu Jian Council.
   104 | D:4      | Reached XP level 2. HP: 20/21 MP: 2/2
   114 | D:4      | Found Aling's Magic Scroll Emporium.
   121 | D:4      | Found a staircase to the Ecumenical Temple.
   127 | Temple   | Entered the Ecumenical Temple
   147 | Temple   | Became a worshipper of Cheibriados the Contemplative
   170 | D:4      | Found Tayn's Magic Scroll Emporium.
   256 | D:3      | Reached XP level 3. HP: 24/26 MP: 1/3
   502 | D:2      | Reached * piety under Cheibriados
   809 | D:1      | Reached XP level 4. HP: 31/31 MP: 4/4
   855 | D:1      | Found a faded altar of an unknown god.
   855 | D:1      | Noticed a Hell Sentinel
  1173 | D:1      | Reached ** piety under Cheibriados
  1561 | D:2      | Reached XP level 5. HP: 36/36 MP: 5/5
  1677 | D:3      | Noticed Jessica
  1683 | D:3      | Killed Jessica
  1821 | D:3      | Reached skill level 5 in Dodging
  1828 | D:3      | Reached XP level 6. HP: 19/42 MP: 3/6
  2089 | D:4      | Found Geush's Elemental Accessories.
  2096 | D:4      | Bought a wand of flame (11) for 92 gold pieces
  2205 | D:4      | Found Putreek's Distillery.
  2262 | D:4      | Reached *** piety under Cheibriados
  2322 | D:4      | Found a sacrificial altar of Ru.
  2371 | D:4      | Found Daeste's Distillery.
  2453 | D:4      | Killed Edmund
  2554 | D:5      | Found Vusiq's Weapon Boutique.
  2633 | D:5      | Noticed Grinder
  2635 | D:5      | Found Kuillesm's General Store.
  2642 | D:5      | Killed Grinder
  2643 | D:5      | Reached XP level 7. HP: 46/46 MP: 7/7
  2837 | D:5      | Found an opulent altar of Gozag.
  3246 | D:5      | Found Zacvupe's Magic Scroll Shoppe.
  3255 | D:5      | Found Olawn's Magic Scroll Shop.
  3280 | D:5      | Identified the +11 spear "Gram" {heavy, rCorr Stlth+}
  3464 | D:5      | Found a bloodstained altar of Trog.
  3465 | D:5      | Found a radiant altar of Vehumet.
  3508 | D:5      | Noticed a yak
  3514 | D:5      | Killed a yak
  3515 | D:5      | Reached skill level 2 in Polearms
  3515 | D:5      | Reached XP level 8. HP: 44/52 MP: 6/8
  3622 | D:5      | Reached skill level 3 in Polearms
  3768 | D:6      | Found a blossoming altar of Fedhas.
  3775 | D:6      | Reached skill level 4 in Polearms
  3824 | D:6      | Reached **** piety under Cheibriados
  3888 | D:6      | Found Parifehiw's Antique Armour Emporium.
  3949 | D:6      | Reached skill level 5 in Polearms
  4031 | D:6      | Reached skill level 5 in Fighting
  4076 | D:6      | Found an ancient bone altar of Kikubaaqudgha.
  4093 | D:6      | Reached skill level 6 in Polearms
  4143 | D:6      | Reached XP level 9. HP: 61/61 MP: 9/9
  4225 | D:6      | Reached skill level 7 in Polearms
  4437 | D:7      | Reached skill level 8 in Polearms
  4445 | D:7      | Noticed Joseph
  4453 | D:7      | Killed Joseph
  4576 | D:7      | Reached skill level 9 in Polearms
  5199 | D:7      | Reached skill level 10 in Polearms
  5272 | D:6      | Bought a runed buckler for 150 gold pieces
  5294 | Bailey   | Identified the "Ruvaneg"
  5294 | D:8      | Noticed Maggie
  5298 | D:8      | Killed Maggie
  5299 | D:8      | Reached skill level 1 in Shields
  5299 | D:8      | Reached XP level 10. HP: 57/72 MP: 7/10
  5380 | D:8      | Reached ***** piety under Cheibriados
  5700 | D:8      | Found a flagged portal.
  5709 | Bailey   | Entered a bailey
  5738 | Bailey   | Reached skill level 11 in Polearms
  5761 | Bailey   | Noticed an orc knight
  5774 | Bailey   | Killed an orc knight
  5813 | Bailey   | Found a large runed translucent door.
  5813 | Bailey   | Found a large runed translucent door.
  5816 | Bailey   | Noticed a deep elf zephyrmancer
  5877 | Bailey   | Killed a deep elf zephyrmancer
  5878 | Bailey   | Reached skill level 12 in Polearms
  6264 | D:4      | Bought a potion of heal wounds for 65 gold pieces
  6264 | D:4      | Bought a potion of heal wounds for 65 gold pieces
  6264 | D:4      | Bought a potion of degeneration for 13 gold pieces
  6824 | D:9      | Noticed Pikel
  6837 | D:9      | Reached skill level 5 in Shields
  6916 | D:9      | Reached skill level 1 in Invocations
  6990 | D:9      | Killed an unseen horror
  7120 | D:9      | Found a runed translucent door.
  7120 | D:9      | Found a shimmering altar of Xom.
  7120 | D:9      | Noticed Ge0ff's ghost (novice OpBr)
  7121 | D:9      | Noticed a +2 broad axe of chaos
  7165 | D:9      | Killed Pikel
  7228 | D:9      | Found a staircase to the Lair.
  7228 | D:9      | Noticed an elephant
  7233 | D:9      | Reached XP level 11. HP: 72/77 MP: 13/13
  7265 | D:9      | Identified the +8 dagger "Death Rattle" {vamp, Int-2 Dex+6}
  7282 | Lair:1   | Entered Level 1 of the Lair of Beasts
  7314 | Lair:1   | Noticed Grum
  7331 | Lair:1   | Killed Grum
  7332 | Lair:1   | Reached skill level 5 in Invocations
  7457 | Lair:1   | Noticed a catoblepas
  7471 | Lair:1   | HP: 3/77 [catoblepas (10)]
  7477 | Lair:1   | Killed a catoblepas
  7661 | Lair:1   | Noticed Nergalle
  7664 | Lair:1   | Noticed a spectral orc warlord
  7667 | Lair:1   | Noticed a spectral orc warlord
  7686 | Lair:1   | Killed Nergalle
  8245 | D:9      | Slain by a +2 broad axe of chaos

Illustrated notes

Levels and vault maps discovered:
D:1:      lordsloth_arrival_two_stooges, layout_loops_ring,
          dreamdust_ecumenical_altar_sealed_demon
D:2:      layout_basic
D:3:      layout_rooms, kennysheep_jessica_study
D:4:      layout_loops_ring, lemuel_coloured_pillars_altar, kennysheep_mini,
          temple_green, serial_shops, nicolae_shop_tiny_glass, shop,
          shop_statue, shop, minivault_4, nicolae_elemental_shop, uniq_edmund
D:5:      layout_rooms, nicolae_ashenzari_skybound,
          mainiacjoe_overflow_small_starburst, nicolae_overflow_squiral,
          serial_shops, shop, nicolae_shop_hallway_stairs,
          nicolae_shop_tiny_waterfront, shop, minmay_manual_macuahuitl,
          uniq_grinder
D:6:      layout_gridville, overflow_temple_1_default,
          mainiacjoe_overflow_cross_hatched, serial_shops, shop_statue
D:7:      layout_rooms, nicolae_eternal_life, minmay_parallelograms,
          nrook_campfire, uniq_joseph
D:8:      layout_loops_ring, enter_bailey_3, uniq_maggie
D:9:      layout_loops_cross, david_lair_generic, ebering_ghost_xom,
          hangedman_tell_no_tales, uniq_pikel
Temple:   compressed_dpeg_triangle_lava_temple
Lair:1:   layout_roguey, grunt_megastairs_5, uniq_grum, uniq_nergalle,
          uniq_jeremiah, uniq_urug

Skill      XL: |  1  2  3  4  5  6  7  8  9 10 11 |
---------------+----------------------------------+-----
Stealth        | 7 8 |  8.0
Dodging        | 3 5 7 8 |  8.2
Polearms       | 2 6 10 12 | 12.5
Fighting       | 5 8 |  8.0
Shields        | 1 6 8 |  8.1
Invocations    | 3 6 |  6.7
Short Blades   | |  2.0

Action                     |  1- 3 |  4- 6 |  7- 9 | 10-12 || total
---------------------------+-------+-------+-------+-------++-------
  Melee: Short sword       |    26 |       |       |       ||    26
         Constrict         |    12 |    18 |    14 |    21 ||    65
         Tentacles         |     7 |    18 |    17 |    28 ||    70
         Dagger            |    26 |    74 |     6 |       ||   106
         Punch             |       |     1 |       |     4 ||     5
         Spear             |       |       |   115 |   172 ||   287
  Throw: Stone             |       |       |       |     1 ||     1
    Use: Scroll            |     2 |       |       |     1 ||     3
         Potion            |       |     1 |       |     2 ||     3
   Stab: Sleeping          |    13 |    21 |    15 |    18 ||    67
         Distracted        |       |       |     2 |     3 ||     5
 Armour: Skin              |    16 |    18 |    40 |    63 ||   137
  Dodge: Dodged            |    35 |    35 |    88 |    63 ||   221
  Block: Buckler           |       |       |       |    64 ||    64

Table legend: (Time is in decaauts)
 A = Elapsed time spent in this place.
 B = Non-inter-level travel time spent in this place.
 C = Inter-level travel time spent in this place.
 D = Time resting spent in this place.
 E = Time spent auto-exploring this place.
 F = Levels seen in this place.
 G = Mean time per level.
                   A        B        C        D        E       F      G
               +--------+--------+--------+--------+--------+-----+--------+
         Total |  12045 |  11162 |    883 |   1445 |   6829 |  12 | 1003.8 |
       Dungeon |  10531 |   9660 |    871 |    759 |   6610 |   9 | 1170.1 |
        Temple |     74 |     63 |     11 |      0 |      0 |   1 |   74.0 |
          Lair |    817 |    817 |      0 |    446 |    114 |   1 |  817.0 |
        Bailey |    622 |    622 |      0 |    240 |    103 |   1 |  622.0 |
               +--------+--------+--------+--------+--------+-----+--------+

Top non-repeatable levels by time:
     D:5: 1524 daAuts
     D:9: 1477 daAuts
     D:7: 1457 daAuts
     D:4: 1195 daAuts
     D:8: 1151 daAuts
     D:6: 1127 daAuts
     D:1: 1013 daAuts
     D:3: 830 daAuts
  Lair:1: 817 daAuts
     D:2: 753 daAuts
  Bailey: 622 daAuts
  Temple: 74 daAuts
